[ AOE2 MATCH · #508198367 ]
UnrankedKoreans vs Persians
Player's team · LOSS
Rival team · WIN
[ REPLAY ANALYSIS · EXTRACTED FROM THE RECORDED GAME ]
Feudal
9:00
Castle
23:29
Imperial
—
| APM avg | 71.2 |
| APM peak | 111 |
| eAPM avg | 37.8 |
| Villagers / military | 97 / 50 |
Focus
⚔️ 51.9% · 🌾 48.1%
War Wagon ×42 · Fishing Ship ×11 · Monk ×4 · Spearman ×2 · Fire Lancer ×2
Feudal
9:14
Castle
22:06
Imperial
37:51
| APM avg | 56.6 |
| APM peak | 85 |
| eAPM avg | 24.0 |
| Villagers / military | 131 / 55 |
Focus
⚔️ 31.6% · 🌾 68.4%
Knight ×37 · Archer ×9 · Fishing Ship ×8 · Monk ×7 · Spearman ×1 · Scout Cavalry ×1
Match map
Initial resources + every placement click. Lines = walls · curves = elevation contours. ◆ gold · ⬟ stone · ● berries · ✦ relic · ◌ wall gap
Your base· ✓ Closed at 23:29 · 32t walls · 1 gate(s)
CNZS_98T's base· Open — unwalled flank
Smoothed initial terrain · ◌ = detected wall gap · hover for details
Inputs per minute
— Oni.TheViper - - CNZS_98T
Build order — Oni.TheViper
First 150 of 281 actions detected
| 0:01 | Queue | Villager (Male) |
| 0:01 | Queue | Villager (Male) |
| 0:02 | Build | House |
| 0:02 | Build | House |
| 0:06 | Queue | Villager (Male) |
| 0:06 | Queue | Villager (Male) |
| 1:28 | Queue | Villager (Male) |
| 1:59 | Queue | Villager (Male) |
| 2:13 | Queue | Villager (Male) |
| 2:19 | Build | Lumber Camp |
| 2:44 | Queue | Villager (Male) |
| 2:44 | Queue | Villager (Male) |
| 2:57 | Queue | Villager (Male) |
| 3:26 | Queue | Villager (Male) |
| 3:39 | Queue | Villager (Male) |
| 3:48 | Build | House |
| 4:05 | Queue | Villager (Male) |
| 4:20 | Build | Palisade Wall |
| 4:20 | Build | Palisade Wall |
| 4:24 | Queue | Villager (Male) |
| 4:50 | Queue | Villager (Male) |
| 5:20 | Queue | Villager (Male) |
| 5:24 | Build | House |
| 5:24 | Build | Palisade Wall |
| 5:33 | Build | House |
| 5:38 | Queue | Villager (Male) |
| 5:55 | Build | Mill |
| 6:07 | Research | Loom |
| 6:07 | Research | Loom |
| 6:50 | Research | Feudal Age |
| 7:40 | Build | Barracks |
| 8:19 | Build | House |
| 8:36 | Queue | Villager (Male) |
| 8:37 | Queue | Villager (Male) |
| 8:52 | Queue | Villager (Male) |
| 9:00 | Age | Feudal Age |
| 9:01 | Build | Watch Tower |
| 9:02 | Queue | Spearman |
| 9:02 | Research | Double-Bit Axe |
| 9:03 | Research | Double-Bit Axe |
| 9:04 | Queue | Villager (Male) |
| 9:41 | Queue | Villager (Male) |
| 9:51 | Build | Mining Camp |
| 10:01 | Build | House |
| 10:03 | Build | Palisade Wall |
| 10:04 | Build | Palisade Wall |
| 10:15 | Build | Farm |
| 10:22 | Queue | Spearman |
| 10:36 | Build | Farm |
| 11:03 | Build | Farm |
| 11:11 | Build | Farm |
| 11:16 | Queue | Villager (Male) |
| 11:29 | Build | Watch Tower |
| 11:41 | Build | House |
| 11:47 | Queue | Villager (Male) |
| 11:56 | Build | Farm |
| 12:01 | Queue | Villager (Male) |
| 12:27 | Build | Farm |
| 12:27 | Queue | Villager (Male) |
| 12:36 | Build | Watch Tower |
| 12:43 | Build | Farm |
| 12:51 | Queue | Villager (Male) |
| 13:08 | Build | House |
| 13:17 | Build | House |
| 13:20 | Build | House |
| 13:26 | Queue | Villager (Male) |
| 13:33 | Queue | Villager (Male) |
| 13:37 | Queue | Villager (Male) |
| 13:52 | Queue | Villager (Male) |
| 14:13 | Queue | Villager (Male) |
| 14:16 | Build | Blacksmith |
| 14:29 | Build | House |
| 14:32 | Queue | Villager (Male) |
| 15:07 | Build | Palisade Wall |
| 15:10 | Build | Palisade Wall |
| 15:10 | Queue | Villager (Male) |
| 15:39 | Research | Horse Collar |
| 15:43 | Build | Mining Camp |
| 15:45 | Build | Mining Camp |
| 15:45 | Queue | Villager (Male) |
| 16:06 | Build | Palisade Gate |
| 16:22 | Queue | Villager (Male) |
| 16:28 | Build | Farm |
| 16:33 | Queue | Villager (Male) |
| 17:13 | Build | Farm |
| 17:15 | Build | Farm |
| 17:15 | Queue | Villager (Male) |
| 17:22 | Build | Dock |
| 17:28 | Build | Palisade Wall |
| 17:45 | Build | Lumber Camp |
| 17:47 | Queue | Fishing Ship |
| 18:01 | Queue | Villager (Male) |
| 18:11 | Build | Watch Tower |
| 18:21 | Build | Watch Tower |
| 18:30 | Queue | Villager (Male) |
| 18:31 | Queue | Fishing Ship |
| 18:31 | Queue | Fishing Ship |
| 18:55 | Queue | Villager (Male) |
| 18:59 | Build | Watch Tower |
| 19:02 | Build | Lumber Camp |
| 19:16 | Queue | Fishing Ship |
| 19:19 | Queue | Villager (Male) |
| 19:40 | Queue | Villager (Male) |
| 19:54 | Build | Farm |
| 19:54 | Build | Farm |
| 20:05 | Build | Market |
| 20:09 | Queue | Villager (Male) |
| 20:13 | Queue | Fishing Ship |
| 20:41 | Build | House |
| 20:42 | Build | House |
| 20:42 | Build | House |
| 20:43 | Build | House |
| 20:49 | Research | Castle Age |
| 20:49 | Research | Castle Age |
| 21:14 | Research | Tech 906 |
| 21:23 | Build | House |
| 21:24 | Build | House |
| 21:32 | Research | Gold Mining |
| 21:32 | Research | Gold Mining |
| 21:53 | Build | Fish Trap |
| 21:57 | Build | Fish Trap |
| 22:00 | Queue | Fishing Ship |
| 22:11 | Build | Watch Tower |
| 22:13 | Build | Watch Tower |
| 22:20 | Build | Watch Tower |
| 22:31 | Queue | Villager (Male) |
| 22:45 | Build | Farm |
| 22:45 | Build | Farm |
| 22:53 | Queue | Villager (Male) |
| 23:15 | Build | Market |
| 23:29 | Age | Castle Age |
| 23:42 | Build | Castle |
| 23:42 | Queue | Villager (Male) |
| 23:50 | Research | Gillnets |
| 24:02 | Build | Monastery |
| 24:19 | Queue | Villager (Male) |
| 24:48 | Queue | Monk |
| 24:53 | Queue | War Wagon |
| 24:53 | Queue | War Wagon |
| 24:55 | Queue | Villager (Male) |
| 24:57 | Queue | Villager (Male) |
| 25:02 | Build | Town Center |
| 25:03 | Queue | Monk |
| 25:14 | Queue | Villager (Male) |
| 25:31 | Queue | War Wagon |
| 25:42 | Build | Watch Tower |
| 25:43 | Research | Fletching |
| 25:43 | Research | Fletching |
| 26:09 | Build | Fish Trap |
| 26:11 | Build | Fish Trap |
Build order — CNZS_98T
First 150 of 351 actions detected
| 0:00 | Queue | Villager (Male) |
| 0:01 | Queue | Villager (Male) |
| 0:01 | Queue | Villager (Male) |
| 0:02 | Queue | Villager (Male) |
| 0:02 | Build | House |
| 0:04 | Build | House |
| 0:08 | Queue | Villager (Male) |
| 0:08 | Queue | Villager (Male) |
| 1:26 | Queue | Villager (Male) |
| 1:26 | Queue | Villager (Male) |
| 1:57 | Build | Lumber Camp |
| 1:58 | Queue | Villager (Male) |
| 2:15 | Queue | Villager (Male) |
| 2:43 | Queue | Villager (Male) |
| 3:01 | Queue | Villager (Male) |
| 3:01 | Queue | Villager (Male) |
| 3:18 | Build | House |
| 3:51 | Queue | Villager (Male) |
| 3:51 | Queue | Villager (Male) |
| 4:14 | Queue | Villager (Male) |
| 4:14 | Queue | Villager (Male) |
| 4:23 | Build | Dock |
| 4:31 | Build | Palisade Wall |
| 4:37 | Queue | Villager (Male) |
| 4:45 | Build | House |
| 5:03 | Queue | Villager (Male) |
| 5:03 | Queue | Villager (Male) |
| 5:07 | Queue | Fishing Ship |
| 5:20 | Queue | Villager (Male) |
| 5:29 | Build | Palisade Wall |
| 5:41 | Queue | Villager (Male) |
| 6:12 | Queue | Villager (Male) |
| 6:21 | Queue | Fishing Ship |
| 6:37 | Research | Loom |
| 6:52 | Build | House |
| 7:10 | Research | Feudal Age |
| 7:27 | Queue | Fishing Ship |
| 7:52 | Build | Lumber Camp |
| 8:40 | Build | Barracks |
| 9:14 | Age | Feudal Age |
| 9:17 | Queue | Villager (Male) |
| 9:28 | Build | Watch Tower |
| 9:32 | Build | Mining Camp |
| 9:33 | Queue | Villager (Male) |
| 9:35 | Queue | Spearman |
| 9:39 | Build | House |
| 9:41 | Queue | Villager (Male) |
| 9:53 | Research | Double-Bit Axe |
| 10:09 | Build | House |
| 10:21 | Queue | Villager (Male) |
| 10:27 | Build | Mill |
| 10:57 | Queue | Villager (Male) |
| 11:17 | Build | Farm |
| 11:21 | Build | Farm |
| 11:25 | Queue | Villager (Male) |
| 11:46 | Build | Watch Tower |
| 11:49 | Build | House |
| 11:51 | Build | Farm |
| 12:07 | Queue | Villager (Male) |
| 12:16 | Queue | Villager (Male) |
| 12:28 | Build | Farm |
| 12:35 | Queue | Villager (Male) |
| 12:47 | Queue | Villager (Male) |
| 12:50 | Build | House |
| 13:11 | Queue | Villager (Male) |
| 13:11 | Queue | Villager (Male) |
| 13:25 | Queue | Villager (Male) |
| 13:35 | Build | Archery Range |
| 13:37 | Queue | Villager (Male) |
| 13:48 | Build | Mining Camp |
| 13:52 | Build | Palisade Wall |
| 13:53 | Build | Palisade Wall |
| 14:09 | Queue | Villager (Male) |
| 14:26 | Build | Blacksmith |
| 14:29 | Queue | Archer |
| 14:36 | Queue | Villager (Male) |
| 14:53 | Queue | Villager (Male) |
| 15:16 | Queue | Archer |
| 15:21 | Build | Palisade Wall |
| 15:31 | Build | Watch Tower |
| 15:34 | Queue | Villager (Male) |
| 15:51 | Queue | Archer |
| 15:54 | Queue | Villager (Male) |
| 15:57 | Build | Farm |
| 16:04 | Queue | Villager (Male) |
| 16:21 | Queue | Archer |
| 16:30 | Queue | Villager (Male) |
| 16:32 | Build | Farm |
| 16:43 | Build | House |
| 16:46 | Research | Town Watch |
| 16:52 | Build | House |
| 16:52 | Build | House |
| 16:56 | Build | Farm |
| 16:59 | Research | Fletching |
| 16:59 | Research | Fletching |
| 17:08 | Queue | Villager (Male) |
| 17:13 | Build | Farm |
| 17:20 | Build | Fish Trap |
| 17:25 | Queue | Villager (Male) |
| 17:30 | Build | Farm |
| 17:33 | Queue | Fishing Ship |
| 17:47 | Queue | Archer |
| 17:53 | Build | House |
| 18:00 | Queue | Villager (Male) |
| 18:03 | Build | Farm |
| 18:10 | Build | House |
| 18:23 | Queue | Archer |
| 18:27 | Build | Stable |
| 18:35 | Queue | Villager (Male) |
| 18:43 | Build | House |
| 18:49 | Build | Farm |
| 18:52 | Queue | Villager (Male) |
| 19:07 | Queue | Fishing Ship |
| 19:21 | Build | Farm |
| 19:40 | Research | Castle Age |
| 19:54 | Queue | Scout Cavalry |
| 19:58 | Queue | Archer |
| 20:03 | Queue | Fishing Ship |
| 20:07 | Build | Fish Trap |
| 20:14 | Research | Horse Collar |
| 20:14 | Research | Horse Collar |
| 20:17 | Build | Farm |
| 20:19 | Queue | Archer |
| 21:02 | Research | Tech 906 |
| 21:11 | Research | Gold Mining |
| 21:16 | Build | Farm |
| 21:21 | Queue | Archer |
| 21:30 | Build | Fish Trap |
| 21:33 | Build | Fish Trap |
| 21:38 | Queue | Fishing Ship |
| 21:44 | Research | Wheelbarrow |
| 22:06 | Age | Castle Age |
| 22:11 | Research | Crossbowman (upgrade) |
| 22:12 | Research | Bodkin Arrow |
| 22:22 | Research | Bodkin Arrow |
| 22:22 | Research | Bodkin Arrow |
| 22:27 | Build | Fish Trap |
| 22:57 | Build | Town Center |
| 23:05 | Queue | Knight |
| 23:14 | Research | Bow Saw |
| 23:15 | Queue | Villager (Male) |
| 23:21 | Queue | Knight |
| 23:44 | Queue | Villager (Male) |
| 23:47 | Queue | Knight |
| 23:59 | Build | Town Center |
| 24:00 | Queue | Villager (Male) |
| 24:02 | Queue | Fishing Ship |
| 24:19 | Queue | Villager (Male) |
| 24:24 | Build | Monastery |
| 24:29 | Queue | Villager (Male) |
Match timeline
| 4:20 | Oni.TheViper · wall_segment Palisade Wall x4 |
| 4:20 | Oni.TheViper · wall_segment Palisade Wall x3 |
| 4:23 | CNZS_98T · first_building Dock |
| 4:31 | CNZS_98T · wall_segment Palisade Wall x1 |
| 5:24 | Oni.TheViper · wall_segment Palisade Wall x1 |
| 5:29 | CNZS_98T · wall_segment Palisade Wall x11 |
| 7:40 | Oni.TheViper · first_building Barracks |
| 8:40 | CNZS_98T · first_building Barracks |
| 9:00 | Oni.TheViper · age_up feudal |
| 9:14 | CNZS_98T · age_up feudal |
| 10:03 | Oni.TheViper · wall_segment Palisade Wall x4 |
| 10:04 | Oni.TheViper · wall_segment Palisade Wall x5 |
| 13:35 | CNZS_98T · first_building Archery Range |
| 13:52 | CNZS_98T · wall_segment Palisade Wall x1 |
| 13:53 | CNZS_98T · wall_segment Palisade Wall x1 |
| 15:07 | Oni.TheViper · wall_segment Palisade Wall x10 |
| 15:10 | Oni.TheViper · wall_segment Palisade Wall x6 |
| 15:21 | CNZS_98T · wall_segment Palisade Wall x8 |
| 17:22 | Oni.TheViper · first_building Dock |
| 17:28 | Oni.TheViper · wall_segment Palisade Wall x1 |
| 18:27 | CNZS_98T · first_building Stable |
| 22:06 | CNZS_98T · age_up castle |
| 23:29 | Oni.TheViper · age_up castle |
| 23:34 | Oni.TheViper · first_market_buy 100 stone |
| 23:42 | Oni.TheViper · first_building Castle |
| 24:02 | Oni.TheViper · first_building Monastery |
| 24:24 | CNZS_98T · first_building Monastery |
| 24:35 | CNZS_98T · wall_segment Stone Wall x11 |
| 29:30 | CNZS_98T · first_building Castle |
| 31:30 | CNZS_98T · first_market_buy 100 food |
| 35:55 | Oni.TheViper · first_market_sell 500 wood |
| 36:42 | Oni.TheViper · wall_segment Stone Wall x1 |
| 36:43 | Oni.TheViper · wall_segment Stone Wall x1 |
| 37:51 | CNZS_98T · age_up imperial |
| 37:57 | Oni.TheViper · resign |
[ AI ANALYSIS · 1 CREDIT ]
What really happened in this match?
Wolo.gg analyzes every decision: build order, eco, micro, common mistakes by bracket. Personalized analysis on WhatsApp or Discord in 30 seconds.
Civ guide
Koreans
Perfil
Jugador #196240